Map: Orbital Shipyard

Players

IIIKEVELOIII

  • Race: Zerg Zerg
  • League: Grandmaster

wabbajack - Winner!

  • Race: Terran Terran
  • League: Grandmaster

VOD

Have the link to the VOD?

Description

Time

  • Played on: July 13, 2015, 11:41 a.m.
  • Length: 9:18
Show
View Real Time Build Order
Export as new Build Order

IIIKEVELOIII Zerg 

Build Orders: Hatch First 

Get SALT Encoding   

  12  0:03  Drone  
  13  0:15  Drone  
  13  0:18  Extractor x2  
  13  0:19  Drone  
  13  0:22  Drone  
  16  0:47  Hatchery  
  15  1:01  Spawning Pool  
  15  1:04  Extractor  
  13  1:06  Drone  
  14  1:21  Overlord  
  14  1:41  Drone x3  
  17  2:02  Zergling x4  
  17  2:03  Queen  
  17  2:05  Queen  
  22  2:23  Overlord  
  22  2:29  Roach Warren  
  21  2:44  Spore Crawler  
  20  2:53  Drone x3  
  23  2:59  Spore Crawler  
  22  3:10  Roach x2  
  26  3:15  Drone  
  26  3:18  Drone  
  28  3:22  Drone  
  29  3:32  Drone x2  
  31  3:55  Spine Crawler  
  31  3:58  Spine Crawler  
  29  4:03  Spine Crawler, Roach x2  
  32  4:20  Roach  
  32  4:21  Roach  
  36  4:25  Overlord  
  36  4:43  Roach  
  36  4:44  Roach x3  
  44  5:08  Overlord x2  
  44  5:22  Evolution Chamber  
  43  5:34  Metabolic Boost  
  43  5:37  Drone x3  
  46  5:45  Hatchery  
  45  6:32  Drone x5  
  50  6:33  Drone x6  
  50  6:34  Drone x2  
  58  6:53  Lair  
  58  6:56  Zerg Missile Weapons Level 1  
  58  6:57  Drone  
  58  6:58  Drone x3  
  60  7:12  Drone x3  
  60  7:13  Drone x2  
  65  7:26  Overlord x2  
  65  7:34  Extractor  
  65  7:36  Extractor x2, Queen  
  64  7:48  Roach x8  
  80  8:12  Zergling x2  
  81  8:14  Overlord x4  
  60  8:49  Roach x18  
Show
View Real Time Build Order
Export as new Build Order

wabbajack Terran - Winner!

Build Orders: MMM Bio 

Get SALT Encoding   

  12  0:01  SCV  
  13  0:13  SCV  
  14  0:22  Supply Depot  
  14  0:25  SCV  
  15  0:43  SCV  
  15  0:44  Refinery  
  15  0:45  Barracks  
  16  0:56  SCV  
  17  1:08  SCV  
  18  1:20  SCV  
  19  1:27  Supply Depot  
  19  1:36  Orbital Command  
  19  1:39  Refinery  
  19  1:42  Marine  
  20  1:56  Factory  
  20  2:13  SCV  
  20  2:14  Barracks Reactor  
  21  2:27  Command Center  
  21  2:28  SCV  
  22  2:40  SCV  
  23  2:47  Supply Depot  
  23  2:52  SCV  
  23  2:53  Armory  
  24  3:06  Starport  
  24  3:10  Hellion x2  
  28  3:15  SCV  
  29  3:22  Barracks Reactor  
  29  3:31  SCV, Hellion x2  
  34  3:52  Hellbat  
  34  3:53  Hellion, Orbital Command  
  38  4:03  Medivac  
  38  4:04  Medivac  
  38  4:07  Barracks Tech Lab  
  38  4:08  SCV  
  43  4:16  Barracks  
  43  4:26  Stimpack  
  43  4:28  Marauder  
  45  4:33  SCV  
  45  4:34  SCV  
  45  4:38  Supply Depot x2  
  47  4:44  Medivac  
  49  4:47  Medivac  
  53  5:07  Hellbat x2  
  55  5:15  Barracks  
  55  5:26  Marauder  
  59  5:28  Hellbat x2, Starport Reactor  
  59  5:29  Marine  
  59  5:30  Marine  
  63  5:36  SCV x2  
  65  5:44  Supply Depot  
  65  5:45  Supply Depot  
  65  5:48  SCV x2  
  67  5:54  Hellbat  
  67  5:55  Marine  
  70  6:05  Marine  
  70  6:06  Hellbat, Marauder  
  69  6:35  SCV x2  
  69  6:37  Marauder, Marine x2  
  69  6:38  Medivac x2  
  69  6:39  Combat Shields  
  79  6:42  Barracks Tech Lab  
  79  6:47  SCV x2  
  79  6:48  Engineering Bay  
  79  6:50  Engineering Bay  
  79  6:53  Refinery  
  81  6:54  Supply Depot  
  81  6:55  Supply Depot, Refinery  
  81  6:59  SCV  
  82  7:12  Marauder  
  82  7:13  Marauder  
  86  7:16  Hellbat x2, Marine x2  
  86  7:17  Medivac x2  
  86  7:22  Hellion x10  
  96  7:25  SCV  
  96  7:26  SCV, Hellion x2  
  98  7:34  Marauder x2  
  102  8:09  Supply Depot x2, Marauder x2, SCV x2, Marine x2  
  102  8:11  Supply Depot  
  110  8:27  Marine x2  
  110  8:31  Marauder x2  
Tags
 
Add a new tag
Caveats
  • Supply blocks, unpowered buildings, or Contaminate may cause inaccurate times.
  • Supply counts are checked every 10 seconds.